 Dungeon Crawl Stone Soup version 0.28.0-43-g3370ac3207 (webtiles) character file.

Game seed: 3360517605185553778

126 ultragoat the Chiller (level 4, 0/33 HPs)
             Began as a Draconian Ice Elementalist on Mar 11, 2022.
             Slain by an iguana (12 damage)
             ... on level 4 of the Dungeon.
             The game lasted 00:28:23 (3683 turns).

ultragoat the Chiller (Draconian Ice Elementalist)  Turns: 3683, Time: 00:28:24

Health: 0/33       AC:  5    Str: 10    XL:     4   Next: 83%
Magic:  2/8        EV: 12    Int: 18    God:
Gold:   111        SH:  0    Dex: 11    Spells: 3/9 levels left

rFire   . . .      SeeInvis .   b - +1 dagger
rCold   . . .      Faith    .   (no shield)
rNeg    . . .      Spirit   .   (armour unavailable)
rPois   .          Reflect  .   (helmet restricted)
rElec   .          Harm     .   (no cloak)
rCorr   .          Rampage  .   (no gloves)
Will    +....                   (no boots)
Stlth   ++........              (no amulet)
HPRegen 0.11/turn               i - ring of willpower
MPRegen 0.11/turn               (no ring)

@: very slightly contaminated
A: AC +5, unfitting armour, cold-blooded
a: no special abilities


You were on level 4 of the Dungeon.
You visited 1 branch of the dungeon, and saw 4 of its levels.

You collected 111 gold pieces.

Inventory:

Hand Weapons
 b - a +1 dagger (weapon)
Missiles
 a - 2 throwing nets
Jewellery
 i - a ring of willpower (left hand)
Scrolls
 g - a scroll of brand weapon {unknown}
Potions
 c - a potion of curing {unknown}
 d - 3 potions of attraction {unknown}
 e - 4 potions of heal wounds {unknown}
 f - a potion of experience {unknown}
 h - a potion of lignification {unknown}


   Skills:
 - Level 2.1 Dodging
 - Level 1.8 Stealth
 - Level 3.0 Spellcasting
 - Level 0.1 Necromancy
 - Level 4.7 Ice Magic
 * Level 1.5 Air Magic
 * Level 1.5 Poison Magic


You had 3 spell levels left.
You knew the following spells:

 Your Spells              Type           Power      Damage    Failure   Level
a - Freeze                Ice            76%        1d9       2%          1
b - Ozocubu's Armour      Ice            19%        N/A       7%          3
c - Poisonous Vapours     Pois/Air       16%        N/A       13%         2

Your spell library contained the following spells:

 Spells                   Type           Power      Damage    Failure   Level
 Frozen Ramparts          Ice            38%        1d5       7%          3
 Corpse Rot               Necr/Air       10%        N/A       17%         2
 Hailstorm                Conj/Ice       11%        3d5       52%         4


Dungeon Overview and Level Annotations

Branches:
Dungeon (4/15)
 Temple: D:4-7

Altars:
Ru


Innate Abilities, Weirdness & Mutations

Your plain brown scales are hard. (AC +5)
You cannot fit into any form of body armour.
You are cold-blooded and may be slowed by cold attacks.


Message History

Casting: Poisonous Vapours (safe; 13% risk of failure)
Confirm with . or Enter, or press ? or * to list all spells.
Aiming: Freeze (safe; 2% risk of failure)
Press: ? - help, Shift-Dir - straight line, f/p - iguana
Aim: an iguana (severely wounded, poisoned)
You freeze the iguana.
The iguana is almost dead.
The iguana seems to slow down.
The iguana looks more healthy.
The iguana bites you!
Casting: Freeze (safe; 2% risk of failure)
Confirm with . or Enter, or press ? or * to list all spells.
Aiming: Poisonous Vapours (safe; 13% risk of failure)
Press: ? - help, Dir - move target, f/p - iguana
Aim: an iguana (almost dead, slow) Poisonous vapours surround the iguana!
The iguana is poisoned.
The iguana is no longer moving slowly.
The iguana looks more healthy.
Casting: Poisonous Vapours (safe; 13% risk of failure)
Confirm with . or Enter, or press ? or * to list all spells.
Aiming: Freeze (safe; 2% risk of failure)
Press: ? - help, Shift-Dir - straight line, f/p - iguana
Aim: an iguana (almost dead)
You miscast Freeze.
You are very lightly contaminated with residual magic.
Nothing appears to happen.
The iguana bites you!
Casting: Freeze (safe; 2% risk of failure)
Confirm with . or Enter, or press ? or * to list all spells.
You can't see any susceptible monsters within range! (Use Z to cast anyway.) Unknown command.
Casting: Freeze (safe; 2% risk of failure)
Confirm with . or Enter, or press ? or * to list all spells.
You don't have enough magic to cast this spell.
Unknown command.
You closely miss the iguana.
The iguana is almost dead.
The iguana barely misses you.
You hit the iguana but do no damage.
The iguana is almost dead.
The iguana bites you!
You die...

+...$# # # ####.....#..##....
#....# ...##.#.......##..###'##
#....# ......#.......#........#
#....# .>....'.......#........#
#....+ ......#.......#........#
#....# ..... #.......#........#
..#....# .... #.......#........+
..#....# ... #l......#........#
..'....# .. #@......#........#
..#....#########.......#...###..#
.##....##........#######.<. #..#
#......#........# #... ....
#......#........# #... ....
#......#........# #. ....
#####..#........#####
#..####.........#
#.....#........<#


You could see an iguana.

Vanquished Creatures
  A centaur skeleton (D:4)
  An orc wizard (D:3)
  An ufetubus (D:4)
  2 dart slugs (D:2)
  3 orcs
  5 endoplasms
  5 giant cockroaches
  3 goblins
  6 hobgoblins
  5 quokkas
  9 ball pythons
  5 bats
  3 frilled lizards
  5 kobolds
  3 rats
57 creatures vanquished.

Vanquished Creatures (others)
  9 demonic plants (D:1)
  3 fungi (D:1)
  5 plants (D:1)
  5 withered plants (D:1)
22 creatures vanquished.

Grand Total: 79 creatures vanquished

Notes
Turn   | Place    | Note
-------+----------+-------------------------------------------
     0 | D:1      | ultragoat the Draconian Ice Elementalist began the quest
                  | for the Orb.
     0 | D:1      | Reached XP level 1. HP: 14/14 MP: 3/3
   475 | D:1      | Found a faded altar of an unknown god.
   481 | D:1      | Reached XP level 2. HP: 20/20 MP: 1/5
  1675 | D:2      | Reached XP level 3. HP: 23/26 MP: 4/6
  1680 | D:2      | Learned a level 3 spell: Ozocubu's Armour
  1777 | D:2      | Learned a level 2 spell: Poisonous Vapours
  2507 | D:2      | Found a sacrificial altar of Ru.
  3286 | D:3      | Reached XP level 4. HP: 33/33 MP: 4/8
  3487 | D:4      | Reached skill level 1 in Air Magic
  3536 | D:4      | Reached skill level 1 in Poison Magic
  3683 | D:4      | Slain by an iguana

Illustrated notes

Levels and vault maps discovered:
D:1:      psy_arrival_spokes, layout_basic, shapermc_ecumenical_altar_gd,
          minmay_pentomino_q4
D:2:      minmay_inner_zag, layout_loops_ring, basic_altar
D:3:      layout_rooms
D:4:      layout_gridville, nicolae_overflow_hidden_temple

Skill      XL: |  1  2  3  4 |
---------------+-------------+-----
Spellcasting   | 3 |  3.0
Dodging        | 2 |  2.1
Air Magic      | 1 |  1.5
Poison Magic   | 1 |  1.5
Stealth        | |  1.8
Necromancy     | |  0.1
Ice Magic      | |  4.7

Action                   |  1- 3 |  4- 6 || total
-------------------------+-------+-------++-------
Melee: Dagger            |     6 |    11 ||    17
       Tailslap          |     1 |     3 ||     4
       Punch             |       |     1 ||     1
 Cast: Freeze            |    82 |     6 ||    88
       Poisonous Vapours |       |     5 ||     5
  Use: Scroll            |     6 |       ||     6
Armor: Skin              |    20 |     6 ||    26
Dodge: Dodged            |    45 |    18 ||    63
